 Dungeon Crawl Stone Soup version 0.30-a0-924-g0ad0bf95bc (webtiles) character file.

Game seed: 5294326191578357848

24 FexLirch the Chopper (level 3, -2/30 HPs)
             Began as a Hill Orc Reaver on Mar 22, 2023.
             Slain by a gnoll
             ... wielding a +3 spear
              (4 damage)
             ... on level 2 of the Dungeon.
             The game lasted 00:00:56 (915 turns).

FexLirch the Chopper (Hill Orc Reaver)               Turns: 915, Time: 00:00:56

Health: -2/30      AC:  3    Str: 16    XL:     3   Next: 2%
Magic:  5/5        EV: 11    Int: 13    God:
Gold:   69         SH:  0    Dex:  9    Spells: 4/5 levels left

rFire   . . .      SeeInvis .    a - +0 hand axe
rCold   . . .      Faith    .    (no shield)
rNeg    . . .      Spirit   .    b - +0 leather armour
rPois   .          Reflect  .    (no helmet)
rElec   .          Rampage  .    (no cloak)
rCorr   .                        (no gloves)
Will    .....                    (no boots)
Stlth   +                        (no amulet)
HPRegen 0.25/turn                (no ring)
MPRegen 0.09/turn                (no ring)

@: no status effects
A: no striking features
a: no special abilities


You were on level 2 of the Dungeon.
You visited 1 branch of the dungeon, and saw 2 of its levels.

You collected 69 gold pieces.

Inventory:

Hand Weapons
 a - a +0 hand axe (weapon)
Missiles
 d - a stone
Armour
 b - a +0 leather armour (worn)
Scrolls
 c - a scroll of poison {unknown}
 e - a scroll of fog {unknown}


   Skills:
 - Level 2.4 Fighting
 * Level 5.4 Axes
 - Level 1.5 Dodging
 - Level 1.5 Spellcasting
 - Level 3.0 Conjurations


You had 4 spell levels left.
You knew the following spells:

 Your Spells              Type           Power      Damage    Failure   Level
a - Kiss of Death         Conj/Necr      16%        2d6       19%         1

Your spell library contained the following spells:

 Spells                   Type           Power      Damage    Failure   Level
 Momentum Strike          Conj/Tloc      8%         3d8       26%         2
 Hailstorm                Conj/Ice       4%         3d4       47%         3


Dungeon Overview and Level Annotations

Branches:
Dungeon (2/15)

Altars:


Message History

A gnoll is nearby!
A frilled lizard comes into view.
There are monsters nearby!
There are monsters nearby!
A ball python comes into view.
The ball python hisses angrily.
The gnoll misses you.
You hit the gnoll.
The gnoll is moderately wounded.
The gnoll hits you with a +3 spear.
You barely miss the gnoll.
The gnoll is moderately wounded.
The gnoll hits you with a +3 spear.
You hit the gnoll but do no damage.
The gnoll is moderately wounded.
The gnoll hits you with a +3 spear.
You closely miss the gnoll.
The gnoll is moderately wounded.
You barely miss the frilled lizard. The gnoll hits you with a +3 spear.
The frilled lizard bites you.
You closely miss the gnoll.
The gnoll is moderately wounded.
You closely miss the frilled lizard. The gnoll hits you with a +3 spear.
The frilled lizard closely misses you.
You hit the gnoll but do no damage.
The gnoll is moderately wounded.
You hit the frilled lizard but do no damage.
The gnoll hits you with a +3 spear.
* * * LOW HITPOINT WARNING * * *
The frilled lizard bites you but does no damage.
You closely miss the gnoll.
The gnoll is moderately wounded.
You closely miss the frilled lizard. The gnoll hits you with a +3 spear.
* * * LOW HITPOINT WARNING * * *
The frilled lizard bites you.
* * * LOW HITPOINT WARNING * * *
You barely miss the gnoll.
The gnoll is moderately wounded.
You hit the frilled lizard. The gnoll hits you with a +3 spear.
You die...

#......:.# #........#
#........# ##........#
#.........# ##.........#
...l.......#############
######l................
#@################ #g#
########## .S.
.......>.. .....
#######.## ##..... #.#
#...... #.# #....... #.#
######### #.# #.#


You could see a gnoll, a ball python and a frilled lizard.

Vanquished Creatures
  A dart slug (D:1)
  3 endoplasms
  4 hobgoblins (D:1)
  6 kobolds
  A ball python (D:1)
  4 bats (D:1)
  2 rats (D:1)
21 creatures vanquished.

Vanquished Creatures (others)
  3 fungi (D:2)
  4 plants (D:2)
7 creatures vanquished.

Grand Total: 28 creatures vanquished

Notes
Turn   | Place    | Note
-------+----------+-------------------------------------------
     0 | D:1      | FexLirch the Hill Orc Reaver began the quest for the Orb.
     0 | D:1      | Reached XP level 1. HP: 18/18 MP: 3/3
   235 | D:1      | Reached XP level 2. HP: 19/25 MP: 4/4
   385 | D:1      | Reached skill level 5 in Axes
   878 | D:2      | Reached XP level 3. HP: 24/30 MP: 5/5
   915 | D:2      | Slain by a gnoll

Illustrated notes

Levels and vault maps discovered:
D:1:      tarquinn_simple_flora_water_d, layout_loops_cross,
          columned_hall_lemuel, nrook_campfire
D:2:      layout_basic, shapermc_ecumenical_altar_mp_urbaneastern, uniq_sigmund,
          uniq_jessica

Skill      XL: |  1  2 |
---------------+-------+-----
Axes           | 5 |  5.4
Fighting       | |  2.4
Dodging        | |  1.5
Spellcasting   | |  1.5
Conjurations   | |  3.0

Action                     || total
---------------------------++-------
  Melee: Hand axe          ||    78
 Armour: Leather armour    ||    24
  Dodge: Dodged            ||    43

Table legend: (Time is in decaauts)
 A = Elapsed time spent in this place.
 B = Non-inter-level travel time spent in this place.
 C = Inter-level travel time spent in this place.
 D = Time resting spent in this place.
 E = Time spent auto-exploring this place.
 F = Levels seen in this place.
 G = Mean time per level.
                   A        B        C        D        E       F      G
               +--------+--------+--------+--------+--------+-----+--------+
         Total |    919 |    881 |     38 |      0 |    734 |   2 |  459.5 |
       Dungeon |    919 |    881 |     38 |      0 |    734 |   2 |  459.5 |
               +--------+--------+--------+--------+--------+-----+--------+

Top non-repeatable levels by time:
     D:1: 813 daAuts
     D:2: 105 daAuts
